AoeStats
← niniofungi

Arabia

509808571Analyzed
1v1 RM · 5d ago on Sep 28, 2026· 31m 25s· 2 players
Game mode
Random Map
Map size
Tiny (2 player)
Population
200
Speed
Normal
Resources
Standard
Victory
Conquest
Starting age
Dark Age
Ending age
Imperial Age
RankedLock teamsTeams togetherTeam positionsShared explorationLock speedFull tech treeHidden civsTurbo modeCheats
Victory
Defeat
🇸🇻 Saxons · El Salvador
438
+14
🇦🇷 Persians · Argentina
399
-14
niniofungi
24:38 Feudal Age
28:49 Double-Bit Axe
28:46 Horse Collar
Baki
1:45 Loom
9:55 Feudal Age
11:01 Man-at-Arms
24:55 Man-at-Arms
29:47 Arson
31:10 Fletching
Connection lost

Rejoining the realm…

Still unreachable

The connection could not be restored.

Session expired

The server has moved on; the page needs a fresh start.